 Dungeon Crawl Stone Soup version 0.26-a0-466-g989023bd0d (webtiles) character file.

Game seed: 8446487735076736570

21113 gruber the Earth Mage (level 12, -4/70 HPs)
             Began as a Gargoyle Earth Elementalist on Aug 10, 2020.
             Was an Elder of Vehumet.
             Slain by a minotaur
             ... wielding the +10 trident of Jiumol {pain, MP+9 Str+3 Int+4 Dex-3}
              (39 damage)
             ... in a Gauntlet.
             The game lasted 00:29:52 (17757 turns).

gruber the Earth Mage (GrEE)                       Turns: 17757, Time: 00:29:53

Health: -4/70      AC: 16    Str: 14    XL:     12   Next: 86%
Magic:  16/16      EV: 11    Int: 19    God:    Vehumet [****..]
Gold:   430        SH:  0    Dex: 10    Spells: 2/17 levels left

rFire    x . .     SeeInvis .   F - +6 shillelagh "Devastator" {shatter}
rCold    + + .     Faith    .   (no shield)
rNeg     + . .     Spirit   .   d - +1 ring mail {rC+}
rPois    ∞         Reflect  .   (no helmet)
rElec    +         Harm     .   G - scarf {shadows}
rCorr    .         NoTele   +   (no gloves)
MR       .....                  (no boots)
Stlth    +.........             (no amulet)
HPRegen  0.21/turn              J - ring of ice
MPRegen  0.15/turn              t - +4 ring of slaying

@: no status effects
A: negative energy resistance 1, electricity resistance, unbreathing,
petrification resistance, rot immunity, AC +8
a: Renounce Religion


You were in a Gauntlet.
You worshipped Vehumet.
Vehumet was greatly pleased with you.
You visited 3 branches of the dungeon, and saw 14 of its levels.
You also visited: Bailey and Gauntlet.

You collected 674 gold pieces.
You spent 244 gold pieces at shops.

Inventory:

Hand Weapons
 y - the +1 short sword "Rupraom" {venom, rPois rC+}
   (You bought it in a shop on level 6 of the Dungeon)

   It poisons the flesh of those it strikes.
   It protects you from cold.
   It protects you from poison.
 F - the +6 shillelagh "Devastator" (weapon) {shatter}
   (You found it in a bailey)
Missiles
 b - 202 stones (quivered)
 p - 2 datura-tipped darts
Armour
 d - a +1 ring mail of cold resistance (worn)
 G - a scarf of shadows (worn)
 L - the +0 cloak "Mayte" {+Fly}
   (You found it in a Gauntlet)

   It lets you fly.
Magical Staves
 C - an uncursed staff of death {unknown}
Jewellery
 i - an uncursed ring of magical power
 t - a +4 ring of slaying (right hand)
 J - a ring of ice (left hand)
 M - the ring of Vunyufe {rF+ Stlth-}
   (You found it in a Gauntlet)

   [ring of attention]

   It protects you from fire.
   It makes you less stealthy.
Wands
 x - a wand of polymorph (13)
 z - a wand of paralysis (14)
 B - a wand of clouds (4)
 D - a wand of enslavement (6)
 E - a wand of flame (14)
Scrolls
 c - a scroll of amnesia {unknown}
 e - 3 scrolls of remove curse
 h - 2 scrolls of random uselessness {unknown}
 j - 2 scrolls of identify
 m - 3 scrolls of enchant armour {unknown}
 n - 3 scrolls of teleportation
 o - a scroll of immolation {unknown}
 q - a scroll of magic mapping
 r - 2 scrolls of fear
 u - a scroll of enchant weapon {unknown}
 w - 2 scrolls of fog {unknown}
 H - a scroll of torment {unknown}
Potions
 a - 2 potions of ambrosia
 f - a potion of magic
 g - 4 potions of haste
 k - 5 potions of curing
 l - 3 potions of stabbing
 s - 2 potions of cancellation
 v - 2 potions of heal wounds
 A - 2 potions of flight
 I - a potion of lignification
 K - a potion of brilliance


   Skills:
 - Level 6.3 Fighting
   Level 0.6(6.7) Axes
 + Level 11.4 Maces & Flails
 - Level 7.0 Armour
 - Level 1.5 Dodging
 - Level 2.1 Stealth
 - Level 3.0 Spellcasting
 - Level 4.2 Conjurations
   Level 0.7 Transmutations
 - Level 2.7 Ice Magic
 - Level 2.2 Air Magic
 - Level 16.0 Earth Magic


You had 2 spell levels left.
You knew the following spells:

 Your Spells              Type           Power        Failure   Level
a - Sandblast             Erth           ####..       1%          1
b - Stone Arrow           Conj/Erth      ###...       1%          3
c - Lee's Rapid Deconstr  Erth           ####......   1%          5
d - Freezing Cloud        Conj/Ice/Air   ##........   95%         6

Your spell library contained the following spells:

 Spells                   Type           Power        Failure   Level
 Yara's Violent Unravell  Hex/Tmut       #.........   82%         5
 Magic Dart               Conj           #...         1%          1
 Passwall                 Tmut/Erth      ###.....     1%          2
 Poisonous Vapours        Pois/Air       #.....       26%         2
 Blink                    Tloc           N/A          38%         2
 Call Imp                 Summ           #.......     38%         2
 Slow                     Hex            #.......     38%         2
 Petrify                  Tmut/Erth      ###.....     9%          4
 Conjure Flame            Conj/Fire      #.......     10%         3
 Mephitic Cloud           Conj/Pois/Air  #.......     10%         3


Dungeon Overview and Level Annotations

Branches:
Dungeon (11/15)            Temple (1/1) D:4            Lair (2/6) D:8
    Orc (0/2) D:10         Bailey (visited)         Gauntlet (1/1)
  Swamp: Lair:2-4    Shoals: Lair:2-4     Snake: Lair:2-4    Spider: Lair:2-4

Altars:
Cheibriados
Dithmenos
Elyvilon
Fedhas
Gozag
Kikubaaqudgha
Makhleb
Nemelex Xobeh
Okawaru
Ru
Sif Muna
Trog
Uskayaw
Vehumet
Wu Jian
Xom
Yredelemnul
Zin
The Shining One

Shops:
D:4 [=(!   D:6 ([

Annotations:
Gauntlet 10 transporters


Innate Abilities, Weirdness & Mutations

You are resistant to torment.
Your stone body is resilient. (AC +8)
You are immune to poison.
You resist negative energy. (rN+)
You are resistant to electric shocks. (rElec)
You can survive without breathing.
You are immune to petrification.
You are immune to rotting.


Message History

The minotaur is lightly wounded.
Unknown command.
Unknown command.
You barely miss the minotaur.
The minotaur is lightly wounded.
The minotaur is engulfed in poison gas.
The minotaur looks even sicker.
The minotaur hits you with the +10 trident of Jiumol {pain, MP+9 Str+3 Int+4 Dex-3}!
You writhe in agony.
The minotaur gores you but does no damage.
Unknown command.
You closely miss the minotaur.
The minotaur is lightly wounded.
Unknown command.
Unknown command.
You hit the minotaur but do no damage.
The minotaur is lightly wounded.
The minotaur is engulfed in poison gas.
The minotaur looks even sicker.
The minotaur hits you with the +10 trident of Jiumol {pain, MP+9 Str+3 Int+4 Dex-3}!!!
Ouch! That really hurt!
You die...

..≈..#..# §.≈≈#..#...#
≈§.≈.####.8..
..≈..#©.....# #.
§≈§§.####.8.. ...
§[§§(#..#...#.#..
######..#.8.#.#.######
.......≈#...#...#8§8§8
.......∩#.8.###.@H§§§§
.......≈#...#.(.#8§8§8
######..#.8.#.#.######
©....#..#...#.#.....#
.#.#.####.8........8#
#.#..#©.....###.##.##
.#.#.####.8........#
©.#..#..#...########
.#.#.#..#≈8≈#


You could see a minotaur (very poisoned).

Vanquished Creatures
  Gastronok (Lair:1)
  Fannar (Lair:1)
  2 hydras
  4 two-headed ogres
  2 thrashing horrors (Gauntlet)
  3 elephants (Lair:2)
  Joseph (D:8)
  A cane toad (Lair:1)
  A komodo dragon (D:8)
  2 ice devils (Gauntlet)
  4 hippogriffs
  3 blink frogs (Lair:1)
  16 yaks
  Menkaure (D:4)
  3 wargs (D:10)
  4 water moccasins (Lair:1)
  2 porcupines (Lair:1)
  3 sky beasts
  3 ice beasts
  6 orc warriors
  4 phantoms
  A black bear (D:8)
  2 necrophages
  6 ogres
  5 wolves (Lair:2)
  5 centaurs
  2 small abominations (Gauntlet)
  2 crocodiles
  A big kobold (D:8)
  11 bullfrogs
  A water moccasin skeleton (D:8)
  4 killer bees (D:8)
  7 wights
  An electric eel (D:9)
  6 jellies
  8 howler monkeys
  2 centaur zombies
  6 hounds
  11 orc priests
  A centaur skeleton (D:6)
  10 orc wizards
  4 iguanas
  7 worker ants
  A hound zombie (D:6)
  A hound skeleton (D:5)
  4 worker ant zombies
  A howler monkey zombie (D:5)
  15 adders
  A gnoll (Bailey)
  A shadow imp (D:10)
  10 white imps
  6 ufetubi
  An ooze (D:6)
  An adder zombie (D:5)
  An adder skeleton (D:5)
  5 worms
  A dart slug (D:1)
  5 leopard geckos
  32 orcs
  6 giant cockroaches
  6 goblins
  5 hobgoblins
  18 jackals
  5 quokkas
  A ball python (D:4)
  5 bats
  A frilled lizard (D:2)
  21 kobolds
  A quokka skeleton (D:6)
  3 rats
328 creatures vanquished.

Vanquished Creatures (others)
  An orc (D:3)
  11 fungi
  3 plants
15 creatures vanquished.

Grand Total: 343 creatures vanquished

Notes
Turn   | Place    | Note
-------+----------+-------------------------------------------
     0 | D:1      | gruber the Gargoyle Earth Elementalist began the quest for
                  | the Orb.
     0 | D:1      | Reached XP level 1. HP: 10/10 MP: 3/3
   343 | D:1      | Reached skill level 4 in Earth Magic
   477 | D:1      | Reached XP level 2. HP: 15/15 MP: 5/5
  1394 | D:2      | Reached XP level 3. HP: 13/19 MP: 6/6
  1524 | D:2      | Found a sacrificial altar of Ru.
  1575 | D:2      | Learned a level 3 spell: Stone Arrow
  1812 | D:2      | Reached skill level 5 in Earth Magic
  2001 | D:2      | Reached XP level 4. HP: 20/24 MP: 8/8
  2508 | D:3      | Reached skill level 1 in Conjurations
  2819 | D:3      | Found an ornate altar of the Wu Jian Council.
  3135 | D:3      | Reached XP level 5. HP: 28/28 MP: 9/9
  3464 | D:3      | Found a burning altar of Makhleb.
  3468 | D:3      | Reached XP level 6. HP: 30/32 MP: 10/10
  3581 | D:4      | Found Juoj Piu's Jewellery Shoppe.
  3591 | D:4      | Found a staircase to the Ecumenical Temple.
  3591 | D:4      | Noticed Menkaure
  3602 | D:4      | Killed Menkaure
  3602 | D:4      | Reached skill level 6 in Earth Magic
  3720 | D:4      | Found Jifaepyg's Armour Shoppe.
  3917 | Temple   | Entered the Ecumenical Temple
  4026 | Temple   | Became a worshipper of Vehumet
  4181 | D:4      | Found Codufimm's Distillery.
  4189 | D:4      | Bought a potion of degeneration for 13 gold pieces
  4190 | D:4      | Bought a potion of curing for 39 gold pieces
  4196 | D:4      | Found a shadowy altar of Dithmenos.
  4330 | D:4      | Found Xuwnuoh's Weapon Boutique.
  4336 | D:4      | Reached XP level 7. HP: 36/36 MP: 11/11
  4475 | D:4      | Reached skill level 7 in Earth Magic
  4690 | D:4      | Found a shimmering altar of Xom.
  4721 | D:4      | Reached skill level 8 in Earth Magic
  4930 | D:4      | You fall into a shaft and drop 3 floors!
  5181 | D:7      | Reached skill level 9 in Earth Magic
  5311 | D:7      | Reached skill level 1 in Armour
  5311 | D:7      | Reached XP level 8. HP: 41/41 MP: 12/12
  5710 | D:7      | Found an ancient bone altar of Kikubaaqudgha.
  5710 | D:7      | Found a bloodstained altar of Trog.
  5789 | D:7      | Reached * piety under Vehumet
  5789 | D:7      | Offered knowledge of Freeze by Vehumet.
  5798 | D:7      | Reached skill level 5 in Armour
  5905 | D:7      | Found an ornate altar of the Wu Jian Council.
  6373 | D:7      | Found an iron altar of Okawaru.
  6487 | D:7      | Reached skill level 1 in Fighting
  6666 | D:6      | Reached XP level 9. HP: 39/49 MP: 13/13
  6729 | D:6      | Found Udiotelu's Antique Weapon Shop.
  6941 | D:6      | Bought a smoking short sword for 192 gold pieces
  6941 | D:6      | Identified the cursed +1 short sword "Rupraom" {venom,
                  | rPois rC+} (You bought it in a shop on level 6 of the
                  | Dungeon)
  7295 | D:6      | Reached skill level 5 in Fighting
  7303 | D:6      | Reached ** piety under Vehumet
  7437 | D:6      | Found Xutic's Armour Shop.
  7443 | D:6      | Offered knowledge of Searing Ray by Vehumet.
  7952 | D:5      | Entered Level 5 of the Dungeon
  7965 | D:6      | Reached skill level 10 in Earth Magic
  8590 | D:5      | Offered knowledge of Inner Flame by Vehumet.
  8870 | D:5      | Found a shimmering blue altar of Sif Muna.
  8940 | D:5      | Reached skill level 11 in Earth Magic
  9229 | D:5      | Found a snail-covered altar of Cheibriados.
  9493 | D:8      | Found a basalt altar of Yredelemnul.
  9503 | D:8      | Reached XP level 10. HP: 60/60 MP: 14/14
  9537 | D:8      | Found a staircase to the Lair.
  9568 | D:8      | Reached *** piety under Vehumet
  9579 | D:8      | Reached skill level 12 in Earth Magic
  9913 | D:8      | Found an opulent altar of Gozag.
 10002 | D:8      | Noticed a two-headed ogre
 10009 | D:8      | Killed a two-headed ogre
 10009 | D:8      | Reached skill level 13 in Earth Magic
 10019 | D:8      | Offered knowledge of Sticky Flame by Vehumet.
 10026 | D:8      | Learned a level 5 spell: Lee's Rapid Deconstruction
 10397 | D:8      | Reached skill level 14 in Earth Magic
 10559 | D:8      | Found a glowing silver altar of Zin.
 10678 | D:8      | Found a blossoming altar of Fedhas.
 10962 | Lair:1   | Entered Level 1 of the Lair of Beasts
 11054 | Lair:1   | Noticed Joseph
 11260 | D:8      | Learned a level 6 spell: Freezing Cloud
 11368 | D:9      | Noticed a two-headed ogre
 11374 | D:9      | Killed a two-headed ogre
 11374 | D:9      | Reached skill level 15 in Earth Magic
 11374 | D:9      | Reached XP level 11. HP: 64/64 MP: 13/15
 11624 | D:9      | Noticed a seven-headed hydra
 11635 | D:9      | Killed a seven-headed hydra
 11635 | D:9      | Reached **** piety under Vehumet
 11985 | D:9      | Offered knowledge of Fireball by Vehumet.
 12160 | D:9      | Reached skill level 16 in Earth Magic
 12714 | D:10     | Entered Level 10 of the Dungeon
 12809 | D:10     | Reached skill level 1 in Ice Magic
 12809 | D:10     | Reached skill level 1 in Air Magic
 13159 | D:10     | Found a flagged portal.
 13168 | Bailey   | Entered a bailey
 13388 | Bailey   | Found the +6 shillelagh "Devastator" {shatter}
 13648 | Bailey   | Found a bloodstained altar of Trog.
 13733 | D:10     | Found a staircase to the Orcish Mines.
 13743 | D:10     | Noticed a two-headed ogre
 13745 | D:10     | Reached skill level 1 in Maces & Flails
 13750 | D:10     | Killed a two-headed ogre
 13845 | D:10     | Noticed a two-headed ogre
 14247 | D:10     | Killed a two-headed ogre
 14247 | D:10     | Reached skill level 5 in Maces & Flails
 14382 | D:10     | Reached ***** piety under Vehumet
 15235 | D:8      | Killed Joseph
 15584 | Lair:1   | Reached XP level 12. HP: 58/70 MP: 16/16
 15690 | Lair:1   | Noticed Fannar
 15702 | Lair:1   | Killed Fannar
 15936 | Lair:1   | Noticed Gastronok
 15953 | Lair:1   | Killed Gastronok
 16163 | Lair:1   | Offered knowledge of Yara's Violent Unravelling by Vehumet.
 16462 | Lair:2   | Reached skill level 10 in Maces & Flails
 16501 | Lair:2   | Found a gate leading to a gauntlet.
 16511 | Lair:2   | Noticed a five-headed hydra
 16517 | Lair:2   | Killed a five-headed hydra
 16522 | Gauntlet | Entered a Gauntlet
 16522 | Gauntlet | Found a transporter.
 16522 | Gauntlet | Found a transporter.
 16762 | Gauntlet | Found a transporter.
 16785 | Gauntlet | Found a transporter.
 16791 | Gauntlet | Noticed a thrashing horror
 16804 | Gauntlet | Found a transporter.
 16804 | Gauntlet | Found a transporter.
 16804 | Gauntlet | Noticed a catoblepas
 16804 | Gauntlet | Noticed a thrashing horror
 16829 | Gauntlet | Found a transporter.
 16832 | Gauntlet | Found the +2 Maxwell's thermic engine {flame, freeze}
 16855 | Gauntlet | Found a transporter.
 16889 | Gauntlet | Found a transporter.
 16897 | Gauntlet | Found a transporter.
 16919 | Gauntlet | Found a transporter.
 16925 | Gauntlet | Found a transporter.
 17012 | Gauntlet | Found a transporter.
 17020 | Gauntlet | Found a transporter.
 17026 | Gauntlet | Identified the +4 scale mail of the Marlin {*Corrode rElec
                  | Str+2}
 17042 | Gauntlet | Found a transporter.
 17048 | Gauntlet | Found a transporter.
 17201 | Gauntlet | Got a bloodstained cloak
 17202 | Gauntlet | Identified the +0 cloak "Mayte" {+Fly} (You found it in a
                  | Gauntlet)
 17467 | Gauntlet | Killed a thrashing horror
 17467 | Gauntlet | Killed a thrashing horror
 17627 | Gauntlet | Got a heavily runed jade ring
 17628 | Gauntlet | Identified the ring of Vunyufe {rF+ Stlth-} (You found it
                  | in a Gauntlet)
 17748 | Gauntlet | Identified the +10 trident of Jiumol {pain, MP+9 Str+3
                  | Int+4 Dex-3}
 17748 | Gauntlet | Identified the +10 plate armour of Viasitz {Slay+5}
 17748 | Gauntlet | Noticed a minotaur
 17757 | Gauntlet | Slain by a minotaur

Illustrated notes

Levels and vault maps discovered:
D:1:      dpeg_arrival_line_fractal, layout_loops_corners, minivault_5,
          chequers_hall_statues_wall_a, hex_tiny
D:2:      layout_basic, serial_forest, infiniplex_forest_clump_diagonal,
          infiniplex_forest_lined_room_2, infiniplex_forest_corner_1,
          infiniplex_forest_lined_2, infiniplex_forest_clump_curved,
          nicolae_ru_awakened_eye
D:3:      cheibrodos_pilgrimage, layout_basic, makhleb_heckhound_becter,
          lemuel_round_altar, nrook_uturn
D:4:      layout_basic, overflow_temple_1_default, temple_hall, serial_shops,
          nicolae_shop_trees, shop, shop, shop, nrook_mini_backslash,
          grunt_dithmenos_smoke_and_mirrors, uniq_menkaure
D:5:      layout_cave_pools, marbit_many_paths, tgw_sif
D:6:      nicolae_whirlpool, layout_rooms, serial_shops, shop, shop,
          kennysheep_path_1
D:7:      layout_gridville, okawaru_metal_pillars_1_2,
          gammafunk_temple_overflow_wave, lemuel_altar_in_water
D:8:      layout_loops_ring, kennysheep_mini,
          nicolae_gozag_cash_rules_everything_around_me,
          lemuel_coloured_pillars_altar, yredelemnul_altar_generic,
          david_lair_shrubbed
D:9:      layout_gridville, hex_large, nrook_pool_corridor
D:10:     layout_basic, minmay_orc_entry_guard_dogs, enter_bailey_6
D:11:     layout_basic, lemuel_tele_altar
Temple:   dpeg_chambers_temple
Lair:1:   layout_chaotic_city, lemuel_fruit_fields, lemuel_fruit_fields,
          lemuel_fruit_fields, uniq_fannar, uniq_gastronok, uniq_joseph
Lair:2:   mu_elephants_graveyard, layout_hall_layers, gauntlet_entry_generic
Gauntlet: gammafunk_gauntlet_branching [nicolae_gauntlet_arena_x,
          gammafunk_gauntlet_arena_split_x, gammafunk_gauntlet_arena_crates,
          gammafunk_gauntlet_arena_spirals, nicolae_gauntlet_arena_t_cross,
          gammafunk_gauntlet_arena_split_diamond,
          nicolae_gauntlet_arena_flowing_pool, gammafunk_gauntlet_arena_grid,
          nicolae_gauntlet_exit_dead_adventurers]

Skill      XL: |  1  2  3  4  5  6  7  8  9 10 11 12 |
---------------+-------------------------------------+-----
Earth Magic    | 4 5 6 9 11 15 16 | 16.0
Spellcasting   | 3 |  3.0
Conjurations   | 2 4 |  4.2
Armour         | 1 7 |  7.0
Fighting       | 2 6 |  6.3
Ice Magic      | 2 |  2.7
Air Magic      | 2 |  2.2
Maces & Flails | 6 11 | 11.4
Axes           | |  0.6
Dodging        | |  1.5
Stealth        | |  2.1
Transmutations | |  0.7

Action                   |  1- 3 |  4- 6 |  7- 9 | 10-12 || total
-------------------------+-------+-------+-------+-------++-------
Melee: Spear             |    97 |    49 |       |       ||   146
       Unarmed           |    11 |       |       |       ||    11
       Hand axe          |       |    37 |    75 |       ||   112
       Short sword       |       |       |   150 |   154 ||   304
       Shillelagh        |       |       |       |   127 ||   127
 Cast: Sandblast         |     6 |    64 |    78 |    55 ||   203
       Stone Arrow       |       |       |    53 |   136 ||   189
       Lee's Rapid Decon |       |       |       |    18 ||    18
Evoke: Wand              |       |       |       |     6 ||     6
  Use: Scroll            |       |       |     1 |    17 ||    18
       Potion            |       |       |       |     2 ||     2
 Stab: Sleeping          |     6 |     1 |       |       ||     7
       Confused          |       |       |       |     1 ||     1
Armor: Robe              |    19 |    40 |    54 |       ||   113
       Ring mail         |       |       |   112 |   210 ||   322
Dodge: Dodged            |    55 |    88 |   210 |   234 ||   587

Table legend: (Time is in decaauts)
 A = Elapsed time spent in this place.
 B = Non-inter-level travel time spent in this place.
 C = Inter-level travel time spent in this place.
 D = Time resting spent in this place.
 E = Time spent auto-exploring this place.
 F = Levels seen in this place.
 G = Mean time per level.
                   A        B        C        D        E       F      G
               +--------+--------+--------+--------+--------+-----+--------+
         Total |  17858 |  17273 |    585 |   2117 |  12450 |  16 | 1116.1 |
       Dungeon |  14795 |  14299 |    496 |   1434 |  10718 |  11 | 1345.0 |
        Temple |    136 |     84 |     52 |      0 |     83 |   1 |  136.0 |
          Lair |   1156 |   1121 |     35 |      0 |    879 |   2 |  578.0 |
        Bailey |    543 |    543 |      0 |    347 |     60 |   1 |  543.0 |
      Gauntlet |   1226 |   1226 |      0 |    336 |    710 |   1 | 1226.0 |
               +--------+--------+--------+--------+--------+-----+--------+

Top non-repeatable levels by time:
     D:8: 2371 daAuts
     D:7: 1729 daAuts
     D:6: 1664 daAuts
    D:10: 1563 daAuts
     D:9: 1418 daAuts
     D:4: 1360 daAuts
     D:1: 1350 daAuts
Gauntlet: 1226 daAuts
     D:2: 1141 daAuts
     D:3: 1107 daAuts
     D:5: 1087 daAuts
  Lair:1: 1047 daAuts
  Bailey: 543 daAuts
  Temple: 136 daAuts
  Lair:2: 108 daAuts
